 Dungeon Crawl Stone Soup version 0.22.1-2-g9c5b331 (webtiles) character file.

763 delarado the Firebug (level 7, 0/54 HPs)
             Began as a Deep Elf Fire Elementalist on Dec 11, 2018.
             Succumbed to Edmund's poison
             ... on level 5 of the Dungeon.
             The game lasted 00:26:17 (5159 turns).

delarado the Firebug (Deep Elf Fire Elementalist)   Turns: 5159, Time: 00:26:18

Health: 0/54       AC: 23    Str:  5    XL:     7   Next: 51%
Magic:  4/15       EV:  2    Int: 22    God:
Gold:   155        SH:  0    Dex: 15    Spells: 4/14 levels left

rFire    . . .     SeeInvis .   d - +0 dagger
rCold    . . .     Gourm    .   (no shield)
rNeg     + + +     Faith    .   (armour currently unavailable)
rPois    +         Spirit   .   (helmet currently unavailable)
rElec    .         Reflect  .   (cloak currently unavailable)
rCorr    .         Harm     .   (gloves currently unavailable)
MR       .....     NoTele   +   (boots currently unavailable)
Stlth    ++........             (no amulet)
HPRegen  0.18/turn              r - ring of positive energy
MPRegen  0.14/turn              (no ring)

@: lethally poisoned (0 -> -6), tree-form
A: no striking features
a: no special abilities


You were on level 5 of the Dungeon.
You were not hungry.
You were a tree.
You visited 1 branch of the dungeon, and saw 5 of its levels.

You collected 270 gold pieces.
You spent 115 gold pieces at shops.

Inventory:

Hand Weapons
 d - a +0 dagger (weapon)
 s - a +2 short sword of venom
Missiles
 e - 118 stones (quivered)
 i - a throwing net
Armour
 a - a +0 robe (melded)
 g - a +0 helmet (melded)
Jewellery
 r - a ring of positive energy (left branch)
Wands
 m - a wand of paralysis (15)
 v - a wand of enslavement (6)
Scrolls
 b - a scroll of enchant armour
 j - 4 scrolls of remove curse
 k - 2 scrolls of teleportation
 l - a scroll of blinking
 o - a scroll of random uselessness
 q - a scroll of fog
 w - a scroll of enchant weapon
Potions
 f - 2 potions of agility
 h - a potion of mutation
 n - a potion of resistance
 t - a potion of brilliance
Comestibles
 c - 12 rations
 x - 2 chunks of flesh


   Skills:
 - Level 2.4 Dodging
 - Level 2.4 Stealth
 + Level 4.0 Spellcasting
 * Level 6.2 Conjurations
 * Level 7.1 Fire Magic


You had 4 spell levels left.
You knew the following spells:

 Your Spells              Type           Power        Failure   Level  Hunger
a - Flame Tongue          Conj/Fire      ####.        1%          1    None
b - Throw Flame           Conj/Fire      ####..       1%          2    #......
c - Conjure Flame         Conj/Fire      ####....     2%          3    ###....
d - Sticky Flame          Conj/Fire      ####....     7%          4    ####...

Your spell library contained the following spells:

 Spells                   Type           Power        Failure   Level  Hunger
 Inner Flame              Hex/Fire       ###.....     8%          3    ###....
 Fireball                 Conj/Fire      ####......   21%         5    ######.


Dungeon Overview and Level Annotations

Branches:
Dungeon (5/15)
 Temple: D:4-7

Altars:

Shops:
D:5 *([

Annotations:
D:4 exclusion: hippogriff, Grinder


Message History

The scroll dissolves into smoke.
It was a scroll of fog.
* * * LOW HITPOINT WARNING * * *
You feel sick.
* * * LOW HITPOINT WARNING * * *
You feel sick.
* * * LOW HITPOINT WARNING * * *
You feel sick.
* * * LOW HITPOINT WARNING * * *
You feel sick.
* * * LOW HITPOINT WARNING * * *
You feel sick.
* * * LOW HITPOINT WARNING * * *
You feel sick.
* * * LOW HITPOINT WARNING * * *
You feel sick.
* * * LOW HITPOINT WARNING * * *
You feel sick.
* * * LOW HITPOINT WARNING * * *
You feel sick.
You die...

#.### #.## ##..#'# #...#
#..# #.....# ##...# ##)##
##.....#
##....#####..###......##
.......#....)##..........
####..#.......)..........
# #..######..§§§§§§....#
## #..# #..§§§§§.....#
.###..# #.#.§§♣§§.....#
...#..# #.##.§§§§§..#...
......# ###..§§§§§.####.
......# #.....§§...#
.......# ..####.....#
....##...## #.....# ..###
#..# ......# .## #.#
..##..# .# .#


There were no monsters in sight!

Vanquished Creatures
  Edmund (D:5)
  Blork the orc (D:5)
  A bullfrog (D:4)
  A gnoll shaman (D:5)
  A bullfrog skeleton (D:5)
  A hound (D:5)
  An orc priest (D:3)
  Jessica (D:2)
  A centaur skeleton (D:4)
  3 iguanas
  3 orc wizards (D:5)
  A worker ant (D:4)
  8 gnolls (D:5)
  3 adders
  An ooze (D:1)
  2 worms (D:2)
  2 leopard geckos
  14 orcs
  A ball python (D:4)
  3 bats
  4 giant cockroaches
  2 goblins
  3 hobgoblins
  2 kobolds
  5 frilled lizards
  A quokka zombie (D:5)
  3 rats (D:1)
70 creatures vanquished.

Vanquished Creatures (others)
  8 toadstools (D:4)
8 creatures vanquished.

Grand Total: 78 creatures vanquished

Notes
Turn   | Place    | Note
-------+----------+-------------------------------------------
     0 | D:1      | delarado the Deep Elf Fire Elementalist began the quest for
                  | the Orb.
     0 | D:1      | Reached XP level 1. HP: 10/10 MP: 6/6
   554 | D:1      | Reached XP level 2. HP: 15/15 MP: 5/8
   871 | D:2      | Noticed Jessica
   877 | D:2      | Learned a level 2 spell: Throw Flame
   880 | D:2      | Killed Jessica
   880 | D:2      | Reached skill level 4 in Fire Magic
   880 | D:2      | Reached XP level 3. HP: 19/19 MP: 2/9
  1609 | D:3      | Reached XP level 4. HP: 24/24 MP: 3/10
  2008 | D:3      | Learned a level 3 spell: Conjure Flame
  2301 | D:3      | Reached skill level 5 in Fire Magic
  2458 | D:3      | Reached XP level 5. HP: 23/28 MP: 4/11
  2576 | D:4      | Noticed a hippogriff
  2962 | D:4      | Learned a level 4 spell: Sticky Flame
  3053 | D:4      | Noticed Grinder
  3074 | D:5      | Entered Level 5 of the Dungeon
  3074 | D:5      | Found Rank's Antique Weapon Shoppe.
  3217 | D:5      | Reached XP level 6. HP: 32/32 MP: 2/13
  3584 | D:5      | Reached skill level 6 in Fire Magic
  3585 | D:5      | Reached skill level 5 in Conjurations
  3711 | D:5      | Noticed Edmund
  3988 | D:5      | Found Pacokub's General Store.
  4525 | D:5      | Noticed Blork the orc
  4535 | D:5      | HP: 1/32 [poisoned by Blork the orc]
  4537 | D:5      | Killed Blork the orc
  4537 | D:5      | Reached XP level 7. HP: 9/36 MP: 6/14
  4884 | D:5      | Bought a potion of brilliance for 40 gold pieces
  4884 | D:5      | Bought a scroll of enchant weapon for 75 gold pieces
  5137 | D:5      | Found Oweholoj's Armour Shop.
  5146 | D:5      | Killed Edmund
  5146 | D:5      | Reached skill level 7 in Fire Magic
  5156 | D:5      | HP: 2/54 [poisoned by Edmund]
  5159 | D:5      | Succumbed to Edmund's poison

Skill      XL: |  1  2  3  4  5  6  7 |
---------------+----------------------+-----
Conjurations   | 2 3 4 5 6 |  6.2
Fire Magic     | 4 5 6 7 |  7.1
Spellcasting   | 4 |  4.0
Dodging        | |  2.4
Stealth        | |  2.4

Action                   |  1- 3 |  4- 6 |  7- 9 || total
-------------------------+-------+-------+-------++-------
Melee: Dagger            |     5 |    11 |     1 ||    17
Throw: Stone             |    11 |       |       ||    11
 Cast: Flame Tongue      |    23 |    44 |       ||    67
       Throw Flame       |    13 |    59 |    12 ||    84
       Sticky Flame      |       |     5 |     3 ||     8
  Use: Scroll            |     6 |     5 |     2 ||    13
       Potion            |       |     1 |     1 ||     2
  Eat: Chunk             |     2 |     8 |     3 ||    13
       Ration            |       |     1 |       ||     1
Armor: Robe              |     1 |     4 |       ||     5
Dodge: Dodged            |     4 |    24 |     2 ||    30
